 Dungeon Crawl Stone Soup version 0.25-a0-285-gcba6f664f8 (webtiles) character file.

Game seed: 3832515219869825432, levelgen mode: deterministic

2261 Esekla the Thaumaturge (level 9, 0/45 HPs)
             Began as a Deep Elf Conjurer on Dec 12, 2019.
             Was a Plaything of Xom.
             Slain by a killer bee (2 damage)
             ... on level 8 of the Dungeon.
             The game lasted 01:10:03 (6823 turns).

Esekla the Thaumaturge (Deep Elf Conjurer)          Turns: 6823, Time: 01:10:04

Health: 0/45       AC:  8    Str:  7    XL:     9   Next: 15%
Magic:  2/25       EV: 15    Int: 20    God:    Xom [......]
Gold:   526        SH:  0    Dex: 15    Spells: 14/28 levels left

rFire    . . .     SeeInvis .   u - +5 dagger
rCold    . . .     Gourm    .   (no shield)
rNeg     + . .     Faith    .   B - +1 animal skin
rPois    .         Spirit   .   C - +0 helmet
rElec    .         Reflect  .   (no cloak)
rCorr    .         Harm     .   G - +0 pair of gloves
MR       .....                  i - +2 pair of boots
Stlth    ++........             (no amulet)
HPRegen  0.15/turn              e - ring of wizardry
MPRegen  0.19/turn              p - ring of positive energy

@: lethally poisoned (0 -> -8), about to teleport
A: hooves 1, dopey 1, screaming 1, MP-powered wands
a: Renounce Religion


You were on level 8 of the Dungeon.
You worshipped Xom.
You were a very special plaything of Xom.
You were not hungry.

You visited 2 branches of the dungeon, and saw 9 of its levels.
You also visited: Ossuary.

You collected 526 gold pieces.

Inventory:

Hand Weapons
 n - a +0 flail of distortion
 u - a +5 dagger (weapon)
Missiles
 t - 7 javelins (quivered)
 v - 8 curare-tipped darts
Armour
 i - a +2 pair of boots (worn)
 B - a +1 animal skin (worn)
 C - a +0 helmet (worn)
 G - a +0 pair of gloves (worn)
Jewellery
 e - a ring of wizardry (left hand)
 g - an uncursed ring of fire
 p - a ring of positive energy (right hand)
 E - an uncursed ring of fire
 K - the amulet of Hiexos {Reflect Int+2 SH+4, unknown}
   (You found it on level 7 of the Dungeon)

   [amulet of reflection]

   It shields you and reflects attacks.
   It affects your intelligence (+2).
   It affects your SH (+4).
 L - an uncursed ring of see invisible {unknown}
Wands
 j - a wand of iceblast (17)
 m - a wand of digging (11)
 x - a wand of enslavement (12)
 y - a wand of polymorph (16)
 A - a wand of flame (31)
Scrolls
 b - 2 scrolls of immolation
 l - a scroll of holy word {unknown}
 o - a scroll of amnesia
 r - 3 scrolls of teleportation
 F - a scroll of remove curse
 H - a scroll of blinking {unknown}
 J - a scroll of random uselessness {unknown}
Potions
 a - 5 potions of curing
 d - a potion of mutation {unknown}
 f - a potion of heal wounds
 h - a potion of cancellation
 k - 2 potions of haste {unknown}
 q - 2 potions of agility {unknown}
 s - a potion of might
 w - 4 potions of lignification
 z - a potion of brilliance
 D - a potion of flight {unknown}
 I - 2 potions of ambrosia
Comestibles
 c - 9 rations


   Skills:
 + Level 2.6 Short Blades
 + Level 0.4 Throwing
 + Level 4.6 Dodging
 - Level 2.4 Stealth
 * Level 10.4 Spellcasting
 + Level 8.1 Conjurations
 + Level 4.7 Hexes
 - Level 4.0 Translocations


You had 14 spell levels left.
You knew the following spells:

 Your Spells              Type           Power        Failure   Level  Hunger
a - Magic Dart            Conj           ####         1%          1    None
b - Iskenderun's Mystic   Conj/Tloc      ####....     2%          4    ##.....
d - Dazzling Flash        Conj/Hex       #####.       1%          3    None
e - Searing Ray           Conj           #####.       1%          2    None
f - Fulminant Prism       Conj/Hex       #####.....   1%          4    ##.....

Your spell library contained the following spells:

 Spells                   Type           Power        Failure   Level  Hunger


Dungeon Overview and Level Annotations

Branches:
Dungeon (8/15)             Temple (1/1) D:5         Ossuary (visited)
   Lair: D:8-11

Altars:
Ashenzari
Cheibriados
Dithmenos
Elyvilon
Fedhas
Gozag
Hepliaklqana
Kikubaaqudgha
Makhleb
Nemelex Xobeh
Okawaru
Qazlal
Ru
Sif Muna
Trog
Uskayaw
Vehumet
Wu Jian
Xom
Yredelemnul
Zin
The Shining One


Innate Abilities, Weirdness & Mutations

You have large cloven feet.
You are dopey. (Int -2)
You occasionally shout uncontrollably at your foes.
You expend magic power (3 MP) to strengthen your wands.


Message History

You kill the killer bee!
The mystic blast misses the killer bee.
The mystic blast hits the killer bee.
The killer bee is severely wounded.
The killer bee is knocked back by the mystic blast.
The mystic blast misses the killer bee.
You hear a shout!
The killer bee barely misses you. The killer bee closely misses you. x2
The killer bee stings you.
* * * LOW HITPOINT WARNING * * *
The killer bee barely misses you.
As you read the scroll of teleportation, it crumbles to dust.
You feel strangely unstable. The killer bee closely misses you.
The killer bee stings you but does no damage. x2
The killer bee barely misses you. The killer bee closely misses you.
The killer bee stings you.
* * * LOW HITPOINT WARNING * * *
You are more poisoned.
The killer bee poisons you! The killer bee stings you.
You die...
Xom titters!

#<.#.#....##
#..........
######.#..###y#
#.......#.# #.#
.
#.###y.#..###<#
.. #.##.#..รท##
#.###y##.##.##
.##....yy#.##.#
.......@.y....#
###.####y#.####
#.#.# ....#
.....# ##...##
##.## #.# ..


You could see a queen bee and 5 killer bees.

Vanquished Creatures
  An orc warrior (D:6)
  A phantom (D:5)
  An ice beast (D:7)
  2 ogres
  3 bullfrogs
  3 scorpions
  7 killer bees (D:8)
  3 howler monkeys
  3 crimson imps
  A quasit (D:5)
  A centaur skeleton (D:7)
  5 hounds
  6 orc wizards
  6 worker ants
  3 big kobold zombies (Ossuary)
  A hound zombie (D:6)
  5 mummies
  Robin (D:4)
  9 adders
  6 gnolls
  3 shadow imps
  An adder skeleton (D:4)
  2 worms
  2 dart slugs (D:1)
  3 leopard geckos
  13 orcs
  2 ball pythons
  6 bats
  A giant cockroach (D:1)
  16 goblins
  12 hobgoblins
  7 jackals
  7 quokkas
  7 frilled lizards
  4 hobgoblin zombies (Ossuary)
  7 kobolds
  A leopard gecko skeleton (D:6)
  7 rats
169 creatures vanquished.

Vanquished Creatures (collateral kills)
  A big kobold zombie (Ossuary)
1 creature vanquished.

Grand Total: 170 creatures vanquished

Notes
Turn   | Place    | Note
-------+----------+-------------------------------------------
     0 | D:1      | Esekla the Deep Elf Conjurer began the quest for the Orb.
     0 | D:1      | Reached XP level 1. HP: 10/10 MP: 6/6
   205 | D:1      | Reached XP level 2. HP: 15/15 MP: 4/8
   237 | D:1      | Learned a level 2 spell: Searing Ray
   478 | D:1      | Reached skill level 5 in Conjurations
   944 | D:1      | Reached XP level 3. HP: 19/19 MP: 6/9
  1233 | D:2      | Found a glowing golden altar of the Shining One.
  1265 | D:2      | Found a bloodstained altar of Trog.
  1334 | D:3      | Reached skill level 4 in Spellcasting
  1334 | D:3      | Reached XP level 4. HP: 24/24 MP: 2/12
  1893 | D:2      | Learned a level 4 spell: Iskenderun's Mystic Blast
  1898 | D:2      | Learned a level 4 spell: Fulminant Prism
  2369 | D:4      | Noticed an ogre
  2370 | D:4      | Noticed Robin
  2375 | D:4      | Reached XP level 5. HP: 22/28 MP: 0/13
  2459 | D:3      | Reached skill level 5 in Spellcasting
  2464 | D:3      | Reached skill level 1 in Hexes
  2767 | D:4      | Reached skill level 1 in Translocations
  2767 | D:4      | Reached XP level 6. HP: 32/32 MP: 8/16
  2915 | D:4      | Found a hazy altar of Hepliaklqana.
  2984 | D:4      | Reached skill level 6 in Spellcasting
  3063 | D:4      | Killed Robin
  3181 | D:4      | Found a white marble altar of Elyvilon.
  3287 | D:5      | Entered Level 5 of the Dungeon
  3288 | D:5      | Found a staircase to the Ecumenical Temple.
  3293 | Temple   | Entered the Ecumenical Temple
  3355 | Temple   | Became a worshipper of Xom the Unpredictable
  3489 | D:5      | Reached XP level 7. HP: 36/36 MP: 14/18
  3664 | D:5      | XOM: potion effect (agility)
  3682 | D:5      | Reached skill level 1 in Short Blades
  3682 | D:5      | Reached skill level 7 in Spellcasting
  3832 | D:5      | Learned a level 3 spell: Dazzling Flash
  3986 | D:5      | Found an ornate altar of the Wu Jian Council.
  3993 | D:5      | XOM: cast spell 'Summon Butterflies'
  4070 | D:5      | Found a snail-covered altar of Cheibriados.
  4080 | D:5      | Found a blossoming altar of Fedhas.
  4157 | D:5      | XOM: god gift: 50 gold pieces
  4597 | D:6      | Found a shattered altar of Ashenzari.
  4685 | D:6      | XOM: summons 2 friendly demons
  4690 | D:6      | Reached skill level 8 in Spellcasting
  4690 | D:6      | Reached XP level 8. HP: 6/41 MP: 6/22
  4708 | D:6      | XOM: mild Erth miscast
  5256 | D:6      | Found a burning altar of Makhleb.
  5367 | D:7      | Found a hazy altar of Hepliaklqana.
  5372 | D:7      | Found an opulent altar of Gozag.
  5380 | D:7      | XOM is BORED!
  5380 | D:7      | XOM: summons 2 hostile demons
  5416 | D:7      | XOM: harmless Ice miscast
  5442 | D:7      | XOM: give mutations
  5442 | D:7      | Gained mutation: You expend magic power (3 MP) to
                  | strengthen your wands. [Xom's mischief]
  5442 | D:7      | Gained mutation: You have large cloven feet. [Xom's
                  | mischief]
  5442 | D:7      | Gained mutation: You are dopey. (Int -2) [Xom's mischief]
  5442 | D:7      | Gained mutation: You occasionally shout uncontrollably at
                  | your foes. [Xom's mischief]
  5455 | D:7      | Found a shadowy altar of Dithmenos.
  5485 | D:7      | Found an iron altar of Okawaru.
  5567 | D:7      | XOM: 1-stop teleportation journey
  5599 | D:7      | Reached skill level 9 in Spellcasting
  5614 | D:7      | Found a sand-covered staircase.
  5655 | Ossuary  | Entered an ossuary
  5669 | Ossuary  | XOM: silly message
  5680 | Ossuary  | XOM: confusion (+ monsters)
  5688 | Ossuary  | XOM: swap monsters
  5708 | Ossuary  | XOM: summons 2 friendly demons
  6089 | D:7      | XOM: blink monster(s)
  6238 | D:7      | Got a heavily runed emerald amulet
  6293 | D:7      | XOM: cloud trail
  6560 | D:8      | XOM: enchant monster (bad)
  6720 | D:8      | Reached skill level 10 in Spellcasting
  6720 | D:8      | Reached XP level 9. HP: 45/45 MP: 20/25
  6727 | D:8      | XOM: god gift: wand of polymorph (7)
  6742 | D:8      | Found a radiant altar of Vehumet.
  6814 | D:8      | XOM: 1-stop teleportation journey
  6814 | D:8      | Noticed a queen bee
  6817 | D:8      | XOM: swap monsters
  6823 | D:8      | HP: 2/45 [killer bee (5)]
  6823 | D:8      | Slain by a killer bee

Levels and vault maps discovered:
D:1:      elethiomel_arrival_quiet, layout_basic
D:2:      layout_basic, lemuel_crystal_altar, old_standard_altar
D:3:      layout_loops_ring, kennysheep_generic_room_6
D:4:      layout_rooms, marbit_many_paths, elyvilon_altar_1, uniq_robin
D:5:      layout_loops_ring, overflow_temple_1_default,
          amethyst_overflow_temple_binary, minmay_temple_entry_drinking_statues,
          first_ration, corexii_hall_statues_i
D:6:      layout_loops_ring, old_standard_altar, lemuel_coloured_pillars_altar
D:7:      layout_basic, grunt_temple_overflow_open, gup_ossuary_entry_pyramid,
          basic_altar
D:8:      layout_loops_ring, vehumet_altar_wand_db, david_nohive_1,
          minmay_the_grid_2x2 [minmay_the_grid_garden, minmay_the_grid_all_tris,
          minmay_the_grid_tree, minmay_the_grid_prize_four_corners], uniq_psyche
Temple:   jpeg_temple_island

Skill      XL: |  1  2  3  4  5  6  7  8  9 |
---------------+----------------------------+-----
Conjurations   | 5 6 7 8 |  8.1
Spellcasting   | 4 5 6 8 10 | 10.4
Hexes          | 1 2 3 4 |  4.7
Translocations | 1 2 3 4 |  4.0
Dodging        | 3 4 |  4.6
Short Blades   | 1 2 |  2.6
Throwing       | |  0.4
Stealth        | |  2.4

Action                   |  1- 3 |  4- 6 |  7- 9 || total
-------------------------+-------+-------+-------++-------
Melee: Dagger            |     1 |     7 |    45 ||    53
       Kick              |       |       |     7 ||     7
Throw: Javelin           |       |       |     5 ||     5
 Cast: Magic Dart        |    46 |    26 |    49 ||   121
       Searing Ray       |     8 |    27 |    41 ||    76
       Iskenderun's Myst |       |     2 |     6 ||     8
  Use: Scroll            |       |       |    15 ||    15
 Stab: Sleeping          |     1 |     2 |     3 ||     6
       Confused          |       |       |     1 ||     1
  Eat: Chunk             |       |     4 |     5 ||     9
       Ration            |       |     1 |     2 ||     3
Armor: Robe              |     2 |     4 |       ||     6
       Animal skin       |       |     2 |    37 ||    39
Dodge: Dodged            |     6 |    19 |   109 ||   134

Table legend:
 A = Non-vault XP
 B = Vault XP
 C = Vault XP percentage of total XP
 D = Non-vault monster count
 E = Vault monster count
 F = Vault count percentage of total count
                 A         B        C        D         E       F
            +---------+---------+-------+---------+---------+-------
      Total |    2817 |     413 |  12.8 |     138 |      32 |  18.8
            +---------+---------+-------+---------+---------+-------
        D:1 |      42 |       0 |   0.0 |      22 |       0 |   0.0
        D:2 |      29 |       0 |   0.0 |      11 |       0 |   0.0
        D:3 |     240 |       6 |   2.4 |      30 |       3 |   9.1
        D:4 |     380 |      39 |   9.3 |      16 |      12 |  42.9
        D:5 |     409 |       0 |   0.0 |      12 |       0 |   0.0
        D:6 |     416 |       0 |   0.0 |      19 |       0 |   0.0
        D:7 |     747 |      18 |   2.4 |      17 |       1 |   5.6
        D:8 |     554 |     182 |  24.7 |      11 |       4 |  26.7
    Ossuary |       0 |     168 | 100.0 |       0 |      12 | 100.0
            +---------+---------+-------+---------+---------+-------
